 Dungeon Crawl Stone Soup version 0.29-a0-418-gc0181ea820 (webtiles) character file.

Game seed: 17279052272847891470

347 zishaf the Grave Robber (level 6, -1/37 HPs)
             Began as a Tengu Necromancer on May 17, 2022.
             Slain by an ufetubus (3 damage)
             ... on level 4 of the Dungeon.
             The game lasted 00:07:13 (4700 turns).

zishaf the Grave Robber (Tengu Necromancer)         Turns: 4700, Time: 00:07:13

Health: -1/37      AC:  2    Str:  8    XL:     6   Next: 59%
Magic:  19/19      EV: 14    Int: 17    God:
Gold:   139        SH:  0    Dex: 15    Spells: 2/10 levels left

rFire   . . .      SeeInvis .   c - +0 short sword
rCold   . . .      Faith    .   (no shield)
rNeg    . . .      Spirit   .   a - +0 robe
rPois   +          Reflect  .   (helmet restricted)
rElec   .          Harm     .   (no cloak)
rCorr   .          Rampage  .   (no gloves)
Will    .....                   (boots unavailable)
Stlth   ++........              (no amulet)
HPRegen 0.12/turn               j - ring of poison resistance
MPRegen 0.16/turn               p - ring of magical power

@: flying quickly and evasively, quick
A: beak, talons 3, nimble flight
a: no special abilities


You were on level 4 of the Dungeon.
You visited 1 branch of the dungeon, and saw 4 of its levels.

You collected 139 gold pieces.

Inventory:

Hand Weapons
 c - a +0 short sword (weapon)
Missiles
 q - a throwing net
Armour
 a - a +0 robe (worn)
 h - a +2 kite shield of cold resistance
Jewellery
 j - a ring of poison resistance (left hand)
 p - a ring of magical power (right hand)
Scrolls
 e - a scroll of amnesia {unknown}
 g - 3 scrolls of identify
 m - a scroll of magic mapping {unknown}
 n - a scroll of blinking {unknown}
 o - a scroll of immolation {unknown}
Potions
 b - a potion of magic
 f - a potion of attraction
 k - a potion of curing {unknown}
 l - a potion of flight {unknown}


   Skills:
 + Level 3.0 Fighting
 - Level 2.1 Dodging
 - Level 2.0 Stealth
 + Level 2.1 Shields
 - Level 2.5 Spellcasting
 * Level 6.8 Necromancy


You had 2 spell levels left.
You knew the following spells:

 Your Spells              Type           Power      Damage    Failure   Level
a - Pain                  Necr           100%       1d9       1%          1
b - Vampiric Draining     Necr           25%        2d7       3%          3
c - Animate Dead          Necr           12%        N/A       11%         4

Your spell library contained the following spells:

 Spells                   Type           Power      Damage    Failure   Level
 Animate Skeleton         Necr           50%        N/A       1%          1
 Agony                    Necr           25%        N/A       30%         5
 Excruciating Wounds      Necr           12%        N/A       30%         5
 Portal Projectile        Hex/Tloc       4%         N/A       50%         3
 Airstrike                Air            1%         N/A       88%         4
 Summon Lightning Spire   Summ/Air       2%         N/A       88%         4
 Blade Hands              Tmut           1%         N/A       99%         5
 Lightning Bolt           Conj/Air       1%         1d12      99%         5


Dungeon Overview and Level Annotations

Branches:
Dungeon (4/15)
 Temple: D:4-7

Altars:

Shops:
D:3 ?


Innate Abilities, Weirdness & Mutations

You have a beak for a mouth.
You have claws for feet.
Your magical nature lets you fly swiftly and evasively.


Message History

The ufetubus misses you. The ufetubus hits you.
You are too injured to fight recklessly!
You are too injured to fight recklessly!
You are too injured to fight recklessly!
You are too injured to fight recklessly!
You closely miss the ufetubus.
The ufetubus is heavily wounded.
The ufetubus closely misses you. x2; The ufetubus barely misses you.
The ufetubus misses you.
You barely miss the ufetubus.
The ufetubus is heavily wounded.
The ufetubus closely misses you. The ufetubus hits you.
You barely miss the ufetubus.
You peck the ufetubus, but do no damage.
The ufetubus is heavily wounded.
The ufetubus hits you.
* * * LOW HITPOINT WARNING * * *
The ufetubus hits you.
* * * LOW HITPOINT WARNING * * *
The ufetubus misses you. The ufetubus hits you.
* * * LOW HITPOINT WARNING * * *
The ufetubus attacks as you move away! The ufetubus misses you.
The ufetubus closely misses you.
Okay, then.
Casting: Pain (safe; 1% risk of failure)
Confirm with . or Enter, or press ? or * to list all spells.
Okay, then.
You aren't carrying any items that you can evoke.
There is a stone staircase leading up here.
As you read the scroll labelled AHEFUZ ASEA, it crumbles to dust.
It is a scroll of identify.
f - a potion of attraction The ufetubus hits you.
* * * LOW HITPOINT WARNING * * *
The ufetubus hits you but does no damage.
The ufetubus closely misses you. x2
Okay, then.
It was a potion of cancellation.
You feel magically purged. The ufetubus hits you.
You die...

.# $# .# .# .# #
.#
#####.####.#####
.......@5......#
##....##.#.###.#
#.## #.### #.#
#.# #.# ... #.#
#.#


You could see an ufetubus.

Vanquished Creatures
  A centaur (D:3)
  A jelly (D:3)
  An orc priest (D:3)
  Natasha (thrice) (D:3)
  3 adders
  2 worms (D:2)
  3 dart slugs
  9 orcs (D:3)
  8 ball pythons
  4 endoplasms
  4 giant cockroaches
  2 goblins (D:3)
  5 hobgoblins
  13 jackals
  5 quokkas
  3 bats
  5 frilled lizards
  7 kobolds
  6 rats
85 creatures vanquished.

Vanquished Creatures (others)
  30 plants (D:3)
30 creatures vanquished.

Grand Total: 115 creatures vanquished

Notes
Turn   | Place    | Note
-------+----------+-------------------------------------------
     0 | D:1      | zishaf the Tengu Necromancer began the quest for the Orb.
     0 | D:1      | Reached XP level 1. HP: 10/10 MP: 4/4
   375 | D:1      | Reached XP level 2. HP: 9/16 MP: 1/6
   809 | D:1      | Reached skill level 1 in Fighting
   922 | D:1      | Reached skill level 5 in Necromancy
  1141 | D:1      | Reached XP level 3. HP: 17/20 MP: 4/7
  1145 | D:1      | Learned a level 3 spell: Vampiric Draining
  1484 | D:1      | Found a faded altar of an unknown god.
  2377 | D:2      | Reached XP level 4. HP: 25/26 MP: 6/8
  3139 | D:2      | You fall into a shaft and drop 1 floor!
  3140 | D:3      | Found Edel's Magic Scroll Shoppe.
  3388 | D:3      | Noticed a centaur
  3394 | D:3      | Noticed Natasha
  3400 | D:3      | Killed Natasha
  3401 | D:3      | Gained mutation: Your magical nature lets you fly swiftly
                  | and evasively. [Tengu growth]
  3401 | D:3      | Reached XP level 5. HP: 23/30 MP: 1/9
  3406 | D:3      | Learned a level 4 spell: Animate Dead
  3510 | D:3      | Reached skill level 1 in Shields
  3510 | D:3      | Reached skill level 6 in Necromancy
  3514 | D:3      | Killed a centaur
  3515 | D:3      | Reached XP level 6. HP: 20/36 MP: 2/10
  3726 | D:3      | Noticed Natasha
  3735 | D:3      | Killed Natasha
  3899 | D:3      | Noticed Natasha
  3931 | D:3      | Killed Natasha
  4700 | D:4      | Slain by an ufetubus

Illustrated notes

Levels and vault maps discovered:
D:1:      pf_arrival_petrified_forest, layout_basic,
          shapermc_ecumenical_altar_acropolis
D:2:      cheibrodos_helix_gallery, layout_rooms, minmay_pentomino_u2
D:3:      layout_rooms, serial_bayou, serial_bayou_lagoon_a,
          serial_bayou_shore_a, serial_bayou_pond_b, serial_bayou_pond_a,
          serial_shops, nicolae_shop_crystal, uniq_natasha
D:4:      layout_loops_ring, minmay_temple_entry_hall,
          hellmonk_ghost_happy_afterlife

Skill      XL: |  1  2  3  4  5  6 |
---------------+-------------------+-----
Fighting       | 1 2 3 |  3.0
Necromancy     | 5 6 |  6.8
Shields        | 1 2 |  2.1
Dodging        | |  2.1
Stealth        | |  2.0
Spellcasting   | |  2.5

Action                   |  1- 3 |  4- 6 || total
-------------------------+-------+-------++-------
Melee: Unarmed           |     2 |       ||     2
       Kick              |     2 |     3 ||     5
       Short sword       |     6 |    15 ||    21
       Peck              |     2 |     1 ||     3
 Cast: Pain              |    70 |    91 ||   161
       Vampiric Draining |       |     5 ||     5
  Use: Scroll            |       |     2 ||     2
       Potion            |       |     1 ||     1
Armor: Robe              |     2 |     3 ||     5
Dodge: Dodged            |    15 |    58 ||    73

Table legend: (Time is in decaauts)
 A = Elapsed time spent in this place.
 B = Non-inter-level travel time spent in this place.
 C = Inter-level travel time spent in this place.
 D = Time resting spent in this place.
 E = Time spent auto-exploring this place.
 F = Levels seen in this place.
 G = Mean time per level.
                   A        B        C        D        E       F      G
               +--------+--------+--------+--------+--------+-----+--------+
         Total |   4653 |   4566 |     87 |    807 |   3234 |   4 | 1163.2 |
       Dungeon |   4653 |   4566 |     87 |    807 |   3234 |   4 | 1163.2 |
               +--------+--------+--------+--------+--------+-----+--------+

Top non-repeatable levels by time:
     D:1: 2053 daAuts
     D:3: 1417 daAuts
     D:2: 1163 daAuts
     D:4: 19 daAuts
